 Dungeon Crawl Stone Soup version 0.29-a0-275-g389c0b56f3 (webtiles) character file.

Game seed: 14357825144630205326

45 YayAnonymity the Chopper (level 3, 0/27 HPs)
             Began as a Demonspawn Gladiator on Mar 13, 2022.
             Was a High Priest of Ignis.
             Succumbed to an adder's poison
             ... on level 4 of the Dungeon.
             The game lasted 00:01:49 (1757 turns).

YayAnonymity the Chopper (Demonspawn Gladiator)     Turns: 1757, Time: 00:01:50

Health: 0/27       AC:  4    Str: 16    XL:     3   Next: 42%
Magic:  3/3        EV: 12    Int:  9    God:    Ignis [*****.]
Gold:   37         SH:  0    Dex: 14    Spells: 2/2 levels left

rFire   + . .      SeeInvis .   a - +0 war axe
rCold   . . .      Faith    .   (no shield)
rNeg    . . .      Spirit   .   b - +0 leather armour
rPois   .          Reflect  .   c - +0 helmet
rElec   .          Harm     .   (no cloak)
rCorr   .          Rampage  .   (no gloves)
Will    .....                   (no boots)
Stlth   +.........              (no amulet)
HPRegen 0.09/turn               (no ring)
MPRegen 0.08/turn               (no ring)

@: lethally poisoned (0 -> -1)
A: demonic magic 1
a: Renounce Religion, Fiery Armour, Foxfire Swarm, Rising Flame


You were on level 4 of the Dungeon.
You worshipped Ignis.
Ignis was extremely pleased with you.
You visited 1 branch of the dungeon, and saw 3 of its levels.

You collected 37 gold pieces.

Inventory:

Hand Weapons
 a - a +0 war axe (weapon)
 i - a +4 dagger of speed
Missiles
 d - 3 throwing nets (quivered)
 e - a javelin
Armour
 b - a +0 leather armour (worn)
 c - a +0 helmet (worn)
 h - a +0 tower shield
Scrolls
 f - a scroll of amnesia {unknown}
 g - 4 scrolls of identify {unknown}
 j - a scroll of magic mapping {unknown}
Potions
 k - a potion of ambrosia {unknown}


   Skills:
 - Level 2.0 Fighting
 + Level 3.5 Axes
 - Level 1.7 Throwing
 - Level 2.6 Dodging
 + Level 1.6 Shields


You had 2 spell levels left.
You didn't know any spells.
Your spell library was empty.

Dungeon Overview and Level Annotations

Branches:
Dungeon (2/15)

Altars:
Dithmenos
Ignis


Innate Abilities, Weirdness & Mutations

Spells you cast may paralyse adjacent enemies.


Message History

An adder comes into view.
The helpless adder fails to defend itself.
You hit the adder.
The adder is moderately wounded.
The adder bites you. The adder closely misses you.
You closely miss the adder.
The adder is moderately wounded.
The adder bites you. x2
You are poisoned.
The adder poisons you!
You miss the adder.
The adder is moderately wounded.
You feel sick. The adder bites you.
You are more poisoned.
The adder poisons you!
You closely miss the adder.
The adder is moderately wounded.
You feel very sick. The adder bites you.
The adder bites you but does no damage.
You are too injured to fight recklessly!
You closely miss the adder.
The adder is moderately wounded.
* * * LOW HITPOINT WARNING * * *
You feel sick. The adder barely misses you. The adder bites you.
* * * LOW HITPOINT WARNING * * *
You miss the adder.
The adder is moderately wounded.
* * * LOW HITPOINT WARNING * * *
You feel sick. The adder bites you.
* * * LOW HITPOINT WARNING * * *
The adder bites you but does no damage.
You slash the adder!
You kill the adder!
* * * LOW HITPOINT WARNING * * *
You feel sick.
* * * LOW HITPOINT WARNING * * *
You feel sick.
* * * LOW HITPOINT WARNING * * *
You feel sick.
You die...

#..###..##....
.....#..#..........
.... #..#..##......
... #..#.####..._.
... #..#..##......
#.# #..#..........
#.# #.......##....
#.####.##..###..#†
#@.....# ..##..###
######## #..... #
#..##. . #.###. .
.... .. ## # ##


There were no monsters in sight!

Vanquished Creatures
  2 adders
  3 bats
  An endoplasm (D:4)
  6 goblins
  6 hobgoblins
  2 ball pythons (D:1)
  2 kobolds (D:1)
  3 rats (D:1)
25 creatures vanquished.

Vanquished Creatures (others)
  12 foxfires (D:2)
12 creatures vanquished.

Grand Total: 37 creatures vanquished

Notes
Turn   | Place    | Note
-------+----------+-------------------------------------------
     0 | D:1      | YayAnonymity the Demonspawn Gladiator began the quest for
                  | the Orb.
     0 | D:1      | Reached XP level 1. HP: 16/16 MP: 1/1
   183 | D:1      | Reached skill level 3 in Axes
   646 | D:1      | Gained mutation: Spells you cast may paralyse adjacent
                  | enemies. [demonic ancestry]
   646 | D:1      | Reached XP level 2. HP: 22/22 MP: 2/2
   869 | D:1      | Found a faded altar of an unknown god.
   974 | D:1      | Reached skill level 1 in Shields
  1198 | D:1      | Prayed at the altar of an unknown god.
  1198 | D:1      | Became a worshipper of Ignis, the Dying Flame
  1264 | D:2      | Reached XP level 3. HP: 7/27 MP: 3/3
  1539 | D:2      | You fall into a shaft and drop 2 floors!
  1539 | D:4      | Found a shadowy altar of Dithmenos.
  1756 | D:4      | HP: 1/27 [poisoned by an adder]
  1757 | D:4      | Succumbed to an adder's poison

Illustrated notes

Levels and vault maps discovered:
D:1:      ncdulo_wetmaze, layout_basic, hellmonk_ecumenical_altar_zigzags
D:2:      layout_rooms
D:4:      layout_basic, nicolae_dithmenos_shadow_blocks

Skill      XL: |  1  2 |
---------------+-------+-----
Axes           | 3 |  3.5
Shields        | 1 |  1.6
Fighting       | |  2.0
Throwing       | |  1.7
Dodging        | |  2.6

Action                   || total
-------------------------++-------
Melee: War axe           ||    28
       Dagger            ||    22
       Punch             ||     1
Invok: Foxfire Swarm     ||     1
 Stab: Sleeping          ||     1
Armor: Leather armour    ||    16
Dodge: Dodged            ||    32

Table legend: (Time is in decaauts)
 A = Elapsed time spent in this place.
 B = Non-inter-level travel time spent in this place.
 C = Inter-level travel time spent in this place.
 D = Time resting spent in this place.
 E = Time spent auto-exploring this place.
 F = Levels seen in this place.
 G = Mean time per level.
                   A        B        C        D        E       F      G
               +--------+--------+--------+--------+--------+-----+--------+
         Total |   1767 |   1683 |     84 |    227 |   1291 |   3 |  589.0 |
       Dungeon |   1767 |   1683 |     84 |    227 |   1291 |   3 |  589.0 |
               +--------+--------+--------+--------+--------+-----+--------+

Top non-repeatable levels by time:
     D:1: 1488 daAuts
     D:4: 220 daAuts
     D:2: 58 daAuts
